 Dungeon Crawl Stone Soup version 0.27.1-33-g824d729ab1 (webtiles) character file.

Game seed: 9358136232815241236

230 alasdair19 the Shield-Bearer (level 5, -4/47 HPs)
             Began as a Minotaur Fighter on Dec 6, 2021.
             Slain by an ogre (26 damage)
             ... on level 4 of the Dungeon on Dec 7, 2021.
             The game lasted 00:06:05 (3256 turns).

alasdair19 the Shield-Bearer (Minotaur Fighter)     Turns: 3256, Time: 00:06:06

Health: -4/47      AC:  7    Str: 21    XL:     5   Next: 72%
Magic:  4/4        EV:  5    Int:  6    God:
Gold:   78         SH: 14    Dex:  9    Spells: 4/4 levels left

rFire    . . .     SeeInvis .   a - +0 long sword
rCold    . . .     Faith    .   i - +0 tower shield
rNeg     . . .     Spirit   .   b - +0 scale mail
rPois    .         Reflect  .   (helmet restricted)
rElec    .         Harm     .   (no cloak)
rCorr    .         Rampage  .   (no gloves)
Will     .....                  (no boots)
Stlth    ..........             (no amulet)
HPRegen  0.15/turn              (no ring)
MPRegen  0.09/turn              (no ring)

@: no status effects
A: horns 2, retaliatory headbutt
a: no special abilities


You were on level 4 of the Dungeon.
You visited 1 branch of the dungeon, and saw 4 of its levels.

You collected 78 gold pieces.

Inventory:

Hand Weapons
 a - a +0 long sword (weapon)
Missiles
 j - 10 poisoned darts (quivered)
Armour
 b - a +0 scale mail (worn)
 c - a +0 kite shield
 i - a +0 tower shield (worn)
Scrolls
 e - a scroll of identify
 g - a scroll of teleportation {unknown}
 h - a scroll of enchant weapon {unknown}
 m - a scroll of blinking {unknown}
 o - a scroll of amnesia {unknown}
Potions
 d - 2 potions of might
 f - a potion of haste
 k - 2 potions of heal wounds {unknown}
 l - 2 potions of attraction {unknown}
 n - a potion of lignification {unknown}
 p - a potion of degeneration {unknown}


   Skills:
 + Level 4.4 Fighting
 + Level 4.6 Long Blades
 + Level 4.9 Armour
 + Level 5.2 Shields


You had 4 spell levels left.
You didn't know any spells.
Your spell library contained the following spells:

 Spells                   Type           Power      Damage    Failure   Level
 Slow                     Hex            0%         N/A       100%        2
 Confusing Touch          Hex            0%         N/A       100%        3
 Yara's Violent Unravell  Hex/Tmut       0%         3d3       100%        5


Dungeon Overview and Level Annotations

Branches:
Dungeon (4/15)
 Temple: D:4-7

Altars:


Innate Abilities, Weirdness & Mutations

You have a pair of horns on your head.
You reflexively headbutt those who attack you in melee.


Message History

(D) Dungeon
Where to? (? - help)
What level of the Dungeon? (default 1, ? - help)
You see here a +0 dagger.
Things that are here:
a +0 robe; a +0 dagger
There is an open door here.
There is a stone staircase leading down here.
You climb downwards.
You hear the sound of rushing water.
There is an entrance to a sewer on this level.
Hurry and find it before the portal rusts away!
The orc shouts!
Found a mace.
There is a stone staircase leading up here.
As you read the scroll labelled WERAGI GENUQEM, it crumbles to dust.
It is a scroll of identify.
f - a potion of haste An ogre comes into view.
It is wielding a +0 giant club.
The orc throws a boomerang.
You block the boomerang.
The ogre shouts!
You closely miss the orc. You block the orc's attack.
You closely miss the orc. The orc hits you but does no damage. x2
Your shield prevents you from hitting the orc.
You block the orc's attack.
The ogre hits you with a +0 giant club!!
Your shield and scale mail prevent you from hitting the orc.
The orc hits you but does no damage. You block the ogre's attack.
You block the orc's attack.
You hit the orc.
The orc is severely wounded.
You block the orc's attack. The ogre hits you with a +0 giant club.
You hit the orc.
The orc is almost dead.
You block the orc's attack. You block the ogre's attack.
The orc hits you but does no damage.
You closely miss the orc.
The orc is almost dead.
The ogre hits you with a +0 giant club!!
Ouch! That really hurt!
You die...

# ##. #..
..# #.#
#o#
...####@#
.....)O<#
...######


You could see an ogre and an orc.

Vanquished Creatures
  3 orc priests (D:3)
  An orc wizard (D:3)
  A gnoll (D:1)
  3 adders
  A worm (D:3)
  A dart slug (D:2)
  An orc (D:3)
  4 endoplasms
  2 giant cockroaches (D:2)
  6 goblins
  16 hobgoblins
  4 quokkas
  2 ball pythons (D:3)
  5 bats
  6 frilled lizards
  10 kobolds
  5 rats
71 creatures vanquished.

Vanquished Creatures (others)
  A fungus (D:1)
  6 plants (D:2)
7 creatures vanquished.

Grand Total: 78 creatures vanquished

Notes
Turn   | Place    | Note
-------+----------+-------------------------------------------
     0 | D:1      | alasdair19 the Minotaur Fighter began the quest for the
                  | Orb.
     0 | D:1      | Reached XP level 1. HP: 19/19 MP: 0/0
    24 | D:1      | Reached skill level 4 in Shields
    24 | D:1      | Reached XP level 2. HP: 23/27 MP: 1/1
   472 | D:1      | Found a faded altar of an unknown god.
   607 | D:1      | Reached XP level 3. HP: 33/33 MP: 2/2
  1660 | D:2      | Reached XP level 4. HP: 36/40 MP: 3/3
  2253 | D:3      | Reached XP level 5. HP: 18/46 MP: 4/4
  2677 | D:3      | Reached skill level 5 in Shields
  3248 | D:4      | Noticed an ogre
  3256 | D:4      | Slain by an ogre

Illustrated notes

Levels and vault maps discovered:
D:1:      dpeg_arrival_rooms_with_view, layout_basic,
          shapermc_ecumenical_altar_ellora
D:2:      minmay_door_path, layout_loops_corners, serial_bayou,
          serial_bayou_pond_e, serial_bayou_pond_c, serial_bayou_shore_a,
          serial_bayou_pond_a
D:3:      layout_basic
D:4:      layout_loops_cross, nemelex_xobeh_ov_fountains_minmay,
          portal_sewer_entry_d, grunt_decor_fettered, nicolae_shop_firing_range

Skill      XL: |  1  2  3  4  5 |
---------------+----------------+-----
Shields        | 4 5 |  5.2
Armour         | 4 |  4.9
Fighting       | 4 |  4.4
Long Blades    | 3 4 |  4.6

Action                   |  1- 3 |  4- 6 || total
-------------------------+-------+-------++-------
Melee: Long sword        |   108 |    60 ||   168
       Headbutt          |    20 |    12 ||    32
  Use: Scroll            |       |     1 ||     1
Armor: Scale mail        |    56 |    26 ||    82
Dodge: Dodged            |    30 |    12 ||    42
Block: Kite shield       |    50 |       ||    50
       Tower shield      |    18 |    62 ||    80
       Rpst.: Long sword |     9 |     2 ||    11
